 Dungeon Sprint DCSS version 0.23.0 (webtiles) character file.

Game seed: 3478255603309722589

13600000 Fang the Conqueror (level 27, -5/249 HPs)
             Began as a Demonspawn Gladiator on Feb 13, 2019.
             Was the Champion of Makhleb.
             Slain by a bag of meat
             ... wielding a +9 war axe
              (29 damage)
             ... in the Dungeon (Sprint VIII: "Arena of Blood").
             The game lasted 00:03:02 (136 turns).

Fang the Conqueror (Demonspawn Gladiator)            Turns: 136, Time: 00:03:02

Health: -5/249     AC:  8    Str: 27    XL:     27
Magic:  0/54       EV: 35    Int: 11    God:    Makhleb [******]
Gold:   0          SH:  0    Dex: 14    Spells: 80/80 levels left

rFire    + . .     SeeInvis +   l - +∞ Axe of Woe
rCold    . . .     Gourm    .   (shield currently unavailable)
rNeg     + . .     Faith    .   b - +0 leather armour
rPois    .         Spirit   +   c - +0 helmet
rElec    .         Reflect  .   (no cloak)
rCorr    .         Harm     .   (no gloves)
MR       ++...     NoTele   +   (boots unavailable)
Stlth    +++++++++.             (no amulet)
HPRegen  0.51/turn              n - ring of see invisible
MPRegen  0.68/turn              m - +30 ring of slaying

@: repel missiles
A: hooves 3, repulsion field 3, fire resistance 1, ignite blood, negative energy
resistance 1, 50% torment resistance, magic shield, magic regeneration, magic
link, black mark, flame cloud immunity
a: Minor Destruction, Lesser Servant of Makhleb, Major Destruction, Greater
Servant of Makhleb, Renounce Religion


You were in the Dungeon.
You worshipped Makhleb.
Makhleb was exalted by your worship.
You were not hungry.

You visited 1 branch

Inventory:

Hand Weapons
 a - a +0 war axe
 l - the +∞ Axe of Woe (weapon)
   (You found it in the Dungeon)
Missiles
 d - 3 throwing nets (quivered)
Armour
 b - a +0 leather armour (worn)
 c - a +0 helmet (worn)
Jewellery
 m - a +30 ring of slaying (right hand)
 n - a ring of see invisible (left hand)
Scrolls
 k - a scroll of blinking
Potions
 e - a potion of curing
 g - a potion of heal wounds
 h - a potion of haste
 i - 2 potions of magic
 j - a potion of berserk rage
Comestibles
 f - a ration


   Skills:
 O Level 27 Fighting
 O Level 27 Axes
 O Level 27 Throwing
 O Level 27 Armour
 O Level 27 Dodging
 O Level 27 Stealth
 O Level 27 Unarmed Combat
 O Level 27 Spellcasting
 O Level 27 Invocations


You had 80 spell levels left.
You didn't know any spells.
Your spell library was empty.

Dungeon Overview and Level Annotations

Branches:
Dungeon (1/1)

Altars:
Makhleb


Innate Abilities, Weirdness & Mutations

You have hooves in place of feet.
You are surrounded by a strong repulsion field. (EV +4, RMsl)
Your flesh is heat resistant. (rF+)
Your demonic aura causes spilled blood to erupt in flames.
You resist negative energy. (rN+)
You are somewhat able to resist unholy torments (1 in 2 success).
When hurt, damage is shared between your health and your magic reserves.
You regenerate magic rapidly.
When low on magic, you restore magic in place of health.
Your melee attacks may debilitate your foes.
You are immune to clouds of flame.


Message History

You hear a shout!
The bag of meat is engulfed in blazing flames.
You hear a shout!
The bag of meat is engulfed in blazing flames.
The destroyer is engulfed in blazing flames.
The destroyer blinks!
You hear a shout!
You hear a shout! x2
The bag of meat is engulfed in blazing flames.
The bag of meat hits you with a +9 war axe!
* * * LOW HITPOINT WARNING * * *
You hear a shout! x5
The bag of meat is engulfed in blazing flames.
A bag of meat comes into view. It is wielding a +9 war axe.
You hear a shout!
The bag of meat completely misses you.
A bag of meat comes into view. It is wielding a +9 war axe.
The bag of meat is engulfed in blazing flames. x2
The bag of meat hits you with a +9 war axe!!
You die...

...#...).#.......#
....#_)oo_#....oooo. .
....#...oV#......#.#.#
#. ......_O.)...........
........###))§..o.oO#.#.
...###....)))###oo......
.....#...))).#☼.........
.....#)..))))#☼ooo......
.....).....○°Ooo@.......
.....)......°○°o.#...#..
.....))........V#....#
......).......##.....#
....#........#......#..
.............#...###....
...##.#...............#.
.................... ..
###....#.....####...


You could see a destroyer, 2 meat berserkers and 14 bags of meat.

Vanquished Creatures
  2 vampire knights (D)
  16 ogres (D)
  2 two-headed ogres (D)
  67 orcs (D)
87 creatures vanquished.

Notes
Turn   | Place    | Note
-------+----------+-------------------------------------------
     0 | D        | Found the +∞ Axe of Woe
     0 | D        | Fang the Demonspawn Gladiator began the quest for the Orb.
     0 | D        | Reached XP level 1. HP: 16/16 MP: 1/1
     4 | D        | Became a worshipper of Makhleb the Destroyer
     7 | D        | Noticed a bag of meat
     8 | D        | Noticed a bag of meat
    11 | D        | Killed a bag of meat
    11 | D        | Gained mutation: You have large cloven feet. [demonic
                  | ancestry]
    11 | D        | Reached XP level 2. HP: 43/43 MP: 2/2
    11 | D        | Gained mutation: You are surrounded by a mild repulsion
                  | field. (EV +2) [demonic ancestry]
    11 | D        | Reached XP level 3. HP: 49/49 MP: 3/3
    11 | D        | Reached XP level 4. HP: 56/56 MP: 4/4
    11 | D        | Gained mutation: You have hoof-like feet. [demonic
                  | ancestry]
    11 | D        | Reached XP level 5. HP: 62/62 MP: 5/5
    11 | D        | Gained mutation: Your flesh is heat resistant. (rF+)
                  | [demonic ancestry]
    11 | D        | Reached XP level 6. HP: 69/69 MP: 6/6
    11 | D        | Gained mutation: When hurt, damage is shared between your
                  | health and your magic reserves. [demonic ancestry]
    11 | D        | Reached XP level 7. HP: 75/75 MP: 7/7
    11 | D        | Reached XP level 8. HP: 82/82 MP: 8/8
    11 | D        | Reached XP level 9. HP: 88/88 MP: 9/9
    11 | D        | Gained mutation: You have hooves in place of feet. [demonic
                  | ancestry]
    11 | D        | Reached XP level 10. HP: 95/95 MP: 10/10
    11 | D        | Reached XP level 11. HP: 101/101 MP: 11/11
    11 | D        | Noticed a meat berserker
    11 | D        | Noticed a bag of meat
    12 | D        | Noticed a bag of meat
    12 | D        | Noticed a bag of meat
    12 | D        | Noticed a meat berserker
    12 | D        | HP: 5/101 [meat berserker/+9 battleaxe (33)]
    13 | D        | Killed a meat berserker
    13 | D        | Reached * piety under Makhleb
    13 | D        | Reached XP level 12. HP: 6/116 MP: 1/12
    13 | D        | Gained mutation: You regenerate magic rapidly. [demonic
                  | ancestry]
    13 | D        | Reached XP level 13. HP: 6/122 MP: 1/13
    13 | D        | Noticed a bag of meat
    13 | D        | Noticed a bag of meat
    14 | D        | Killed a bag of meat
    14 | D        | Gained mutation: You are immune to clouds of flame.
                  | [demonic ancestry]
    14 | D        | Reached XP level 14. HP: 7/133 MP: 1/14
    14 | D        | Noticed a bag of meat
    15 | D        | Noticed a bag of meat
    16 | D        | Noticed a bag of meat
    16 | D        | Noticed a bag of meat
    17 | D        | Killed a meat berserker
    17 | D        | Gained mutation: Your demonic aura causes spilled blood to
                  | erupt in flames. [demonic ancestry]
    17 | D        | Reached XP level 15. HP: 9/144 MP: 2/15
    17 | D        | Reached ** piety under Makhleb
    20 | D        | Reached XP level 16. HP: 43/157 MP: 3/16
    22 | D        | Reached *** piety under Makhleb
    22 | D        | Gained mutation: You resist negative energy. (rN+) [demonic
                  | ancestry]
    22 | D        | Reached XP level 17. HP: 57/169 MP: 1/17
    23 | D        | Reached **** piety under Makhleb
    25 | D        | Reached skill level 27 in Fighting
    25 | D        | Reached XP level 18. HP: 182/182 MP: 2/18
    26 | D        | Reached ***** piety under Makhleb
    26 | D        | Reached skill level 27 in Axes
    26 | D        | Reached skill level 27 in Throwing
    26 | D        | Reached skill level 27 in Dodging
    26 | D        | Reached skill level 5 in Armour
    26 | D        | Reached skill level 5 in Unarmed Combat
    26 | D        | Reached skill level 5 in Spellcasting
    26 | D        | Noticed a meat berserker
    26 | D        | Noticed a destroyer
    29 | D        | Killed a destroyer
    29 | D        | Reached XP level 19. HP: 189/189 MP: 2/35
    29 | D        | Reached skill level 15 in Stealth
    30 | D        | Reached skill level 15 in Armour
    30 | D        | Reached skill level 15 in Unarmed Combat
    30 | D        | Reached skill level 15 in Spellcasting
    31 | D        | Noticed a large bag of meat
    34 | D        | Killed a meat berserker
    34 | D        | Reached XP level 20. HP: 197/197 MP: 3/41
    37 | D        | Killed a large bag of meat
    37 | D        | Reached ****** piety under Makhleb
    39 | D        | Noticed a meat berserker
    40 | D        | Noticed a meat berserker
    40 | D        | Noticed a meat berserker
    41 | D        | Noticed a meat berserker
    41 | D        | Noticed a meat berserker
    42 | D        | Noticed a meat berserker
    43 | D        | Noticed a large bag of meat
    43 | D        | Killed a meat berserker
    43 | D        | Reached skill level 27 in Invocations
    43 | D        | Gained mutation: You are somewhat able to resist unholy
                  | torments (1 in 2 success). [demonic ancestry]
    43 | D        | Reached XP level 21. HP: 166/204 MP: 5/46
    47 | D        | Reached XP level 22. HP: 212/212 MP: 6/50
    47 | D        | Reached skill level 27 in Stealth
    48 | D        | Reached skill level 27 in Armour
    48 | D        | Reached skill level 27 in Unarmed Combat
    48 | D        | Reached skill level 27 in Spellcasting
    49 | D        | Reached XP level 23. HP: 219/219 MP: 7/54
    50 | D        | Killed a large bag of meat
    50 | D        | Gained mutation: When low on magic, you restore magic in
                  | place of health. [demonic ancestry]
    50 | D        | Reached XP level 24. HP: 227/227 MP: 6/54
    55 | D        | Gained mutation: You are surrounded by a moderate repulsion
                  | field. (EV +3) [demonic ancestry]
    55 | D        | Reached XP level 25. HP: 234/234 MP: 11/54
    57 | D        | Noticed a destroyer
    61 | D        | Gained mutation: You are surrounded by a strong repulsion
                  | field. (EV +4, RMsl) [demonic ancestry]
    61 | D        | Reached XP level 26. HP: 242/242 MP: 14/54
    63 | D        | Killed a destroyer
    70 | D        | Gained mutation: Your melee attacks may debilitate your
                  | foes. [demonic ancestry]
    70 | D        | Reached XP level 27. HP: 249/249 MP: 18/54
   125 | D        | Noticed a destroyer
   130 | D        | Noticed a destroyer
   136 | D        | Slain by a bag of meat

Skill      XL: |  1  2  3  4  5  6  7  8  9 10 11 12 13 14 15 16 17 18 19 20 21 22 |
---------------+-------------------------------------------------------------------+-----
Fighting       | 14 18 19 21 23 25 27 | 27.0
Axes           | 13 17 18 19 22 23 26 27 | 27.0
Throwing       | 13 16 18 19 21 23 26 27 | 27.0
Dodging        | 13 17 18 19 22 23 26 27 | 27.0
Armour         | 12 17 21 24 27 | 27.0
Stealth        | 13 19 22 26 27 | 27.0
Unarmed Combat | 12 17 21 24 27 | 27.0
Spellcasting   | 12 17 21 24 27 | 27.0
Invocations    | 17 23 27 | 27.0

Action                   |  1- 3 |  4- 6 |  7- 9 | 10-12 | 13-15 | 16-18 | 19-21 | 22-24 | 25-27 || total
-------------------------+-------+-------+-------+-------+-------+-------+-------+-------+-------++-------
Melee: Executioner's axe |     1 |       |       |     1 |     4 |     6 |     8 |     8 |    26 ||    54
Dodge: Dodged            |       |       |       |       |       |       |     2 |     3 |     3 ||     8
